 Dungeon Crawl Stone Soup version 0.26-a0-812-g31a745ddcd (webtiles) character file.

Game seed: 15999303941908033014

126480 MalarOregon the Peltast (level 16, -2/144 HPs)
             Began as a Pale Draconian Fighter on Nov 21, 2020.
             Was the Champion of Fedhas.
             Slain by a spatial maelstrom (20 damage)
             ... on level 3 of the Abyss on Nov 22, 2020.
             The game lasted 01:38:01 (38505 turns).

MalarOregon the Peltast (Pale Draconian Fighter)   Turns: 38505, Time: 01:38:02

Health: -2/144     AC: 19    Str: 20 (21) XL:     16   Next: 43%
Magic:  4/21       EV: 16    Int: 10      God:    Fedhas [******]
Gold:   2255       SH: 20    Dex: 11 (12) Spells: 15/23 levels left

rFire    . . .     SeeInvis .   h - +3 whip (elec)
rCold    . . .     Faith    .   b - +1 kite shield
rNeg     + . .     Spirit   .   (armour unavailable)
rPois    .         Reflect  +   (helmet restricted)
rElec    .         Harm     .   D - +0 cloak
rCorr    .         Rampage  .   I - +1 pair of gloves
MR       +....     Rnd*Rage +   y - +2 pair of boots
Stlth    +.........             g - amulet of reflection
HPRegen  0.34/turn              V - +4 ring of protection
MPRegen  0.17/turn              M - ring of positive energy

@: berserk cooldown, slowed, very slow
A: breathe steam, unfitting armour, fangs 1, horns 1, stinger 1, [berserk 3],
[blurry vision 1], [dopey 1], low mp 1, no potion heal 1, cold-blooded, AC +9
a: Breathe Steam, Wall of Briars, Grow Ballistomycete, Overgrow, Grow Oklob,
Renounce Religion


You were on level 3 of the Abyss.
You worshipped Fedhas.
Fedhas was exalted by your worship.
You visited 4 branches of the dungeon, and saw 24 of its levels.
You visited the Abyss 1 time.

You collected 2815 gold pieces.
You spent 560 gold pieces at shops.

Inventory:

Hand Weapons
 h - a +3 whip of electrocution (weapon)
   (You took it off a kobold on level 1 of the Dungeon)
 q - the +7 mace "Esozao" {flame, rPois rC- Int+2}
   (You bought it in a shop on level 2 of the Orcish Mines)

   It has been specially enchanted to burn those struck by it, causing extra
   injury to most foes and up to half again as much damage against particularly
   susceptible opponents.
   It affects your intelligence (+2).
   It makes you vulnerable to cold.
   It protects you from poison.
 N - a +1 morningstar of draining
   (You took it off Maggie on level 6 of the Dungeon)
Missiles
 k - 62 boomerangs
 p - 3 boomerangs of dispersal {!f}
 r - 66 poisoned darts
 R - 5 curare-tipped darts {!f}
 T - 2 throwing nets (quivered) {!f}
 U - 5 javelins
Armour
 b - a +1 kite shield (worn)
 y - a +2 pair of boots (worn)
   (You found it on level 9 of the Dungeon)
 D - a +0 cloak (worn)
   (You found it on level 1 of the Lair of Beasts)
 I - a +1 pair of gloves (worn)
   (You found it on level 9 of the Dungeon)
 Y - the +6 buckler "Jaetuemn" {rF+ MR- rCorr}
   (You found it on level 14 of the Dungeon)

   It protects you from fire.
   It affects your resistance to hostile enchantments.
   It provides partial protection from all sources of acid and corrosion.
Jewellery
 g - an amulet of reflection (around neck)
   (You found it on level 1 of the Dungeon)
 o - an uncursed ring of protection from cold
   (You found it on level 6 of the Lair of Beasts)
 H - an uncursed ring of ice
   (You found it on level 1 of the Lair of Beasts)
 M - a ring of positive energy (right hand)
   (You found it on level 5 of the Lair of Beasts)
 V - a +4 ring of protection (left hand)
   (You found it on level 14 of the Dungeon)
Wands
 c - a wand of disintegration (8)
   (You found it on level 6 of the Dungeon)
 n - a wand of polymorph (15)
   (You found it on level 3 of the Dungeon)
 t - a wand of flame (21)
   (You found it on level 5 of the Dungeon)
 u - a wand of paralysis (2)
   (You found it on level 2 of the Lair of Beasts)
 v - a wand of digging (4)
   (You found it on level 5 of the Lair of Beasts)
 x - a wand of acid (15)
   (You found it on level 2 of the Lair of Beasts)
 C - a wand of enslavement (7)
   (You found it on level 3 of the Lair of Beasts)
Scrolls
 a - 4 scrolls of fog
 e - 7 scrolls of identify {@r1}
 i - 7 scrolls of teleportation {@r4}
 j - 3 scrolls of immolation {!r}
 s - 7 scrolls of remove curse {@r2}
 w - 3 scrolls of amnesia
 E - 6 scrolls of blinking
 G - 2 scrolls of fear
 K - 2 scrolls of vulnerability {!r}
 S - a scroll of enchant weapon
 Z - 2 scrolls of magic mapping
Potions
 d - 2 potions of curing {@q1}
 f - a potion of brilliance
 l - a potion of mutation {!q}
 m - a potion of lignification {!q}
 z - 4 potions of might
 A - 8 potions of haste {@q3}
 B - 3 potions of magic
 F - a potion of berserk rage
 J - 4 potions of flight
 L - 3 potions of resistance
 O - 3 potions of invisibility
Miscellaneous
 W - a box of beasts
   (You found it on level 15 of the Dungeon)


   Skills:
 + Level 13.2 Fighting
 - Level 12.0 Maces & Flails
 + Level 9.3 Dodging
 + Level 15.2 Shields
 + Level 4.1 Spellcasting
 + Level 10.4 Fire Magic
 + Level 10.5 Air Magic
 + Level 10.4 Invocations
 - Level 5.0 Evocations


You had 15 spell levels left.
You knew the following spells:

 Your Spells              Type           Power        Failure   Level
a - Ignite Poison         Fire/Tmut/Pois #.......     19%         3
f - Mephitic Cloud        Conj/Pois/Air  #.......     19%         3
x - Poisonous Vapours     Pois/Air       ##....       4%          2

Your spell library contained the following spells:

 Spells                   Type           Power        Failure   Level
 Animate Skeleton         Necr           #.....       26%         1
 Apportation              Tloc           #.....       26%         1
 Corona                   Hex            #......      26%         1
 Sandblast                Erth           #.....       26%         1
 Sting                    Tmut/Pois      #...         26%         1
 Summon Small Mammal      Summ           #...         26%         1
 Ensorcelled Hibernation  Hex/Ice        #.....       36%         2
 Confusing Touch          Hex            #.......     58%         3
 Dazzling Flash           Conj/Hex       #.....       58%         3
 Gell's Gravitas          Tloc           #.........   58%         3
 Stone Arrow              Conj/Erth      #.....       58%         3
 Tukima's Dance           Hex            #.......     58%         3
 Bolt of Magma            Conj/Fire/Erth #.........   86%         5
 Ice Form                 Ice/Tmut       #.......     94%         4
 Leda's Liquefaction      Hex/Erth       #.........   94%         4
 Olgreb's Toxic Radiance  Pois           #.......     94%         4
 Petrify                  Tmut/Erth      #.......     94%         4
 Metabolic Englaciation   Hex/Ice        #.........   100%        5
 Summon Demon             Summ           #.........   100%        5
 Summon Forest            Summ/Tloc      #.........   100%        5
 Summon Mana Viper        Hex/Summ       #.......     100%        5
 Yara's Violent Unravell  Hex/Tmut       #.........   100%        5
 Freezing Cloud           Conj/Ice/Air   #.........   100%        6
 Iron Shot                Conj/Erth      #.........   100%        6
 Ozocubu's Refrigeration  Ice            #.........   100%        6
 Shadow Creatures         Summ           N/A          100%        6
 Simulacrum               Ice/Necr       #.........   100%        6
 Statue Form              Tmut/Erth      #........    100%        6
 Summon Hydra             Summ           #.........   100%        7
 Shatter                  Erth           #.........   100%        9


Dungeon Overview and Level Annotations

Branches:
Dungeon (15/15)            Temple (1/1) D:4            Lair (6/6) D:9
  Swamp (0/4) Lair:3       Spider (0/4) Lair:4        Slime (0/5) Lair:5
    Orc (2/2) D:12            Elf (0/3) Orc:2        Vaults (0/5) D:14
 Depths (0/5) D:15

Altars:
Ashenzari
Cheibriados
Dithmenos
Elyvilon
Fedhas
Gozag
Hepliaklqana
Kikubaaqudgha
Makhleb
Nemelex Xobeh
Okawaru
Qazlal
Ru
Sif Muna
Trog
Uskayaw
Vehumet
Wu Jian
Xom
Yredelemnul
Zin
The Shining One
Beogh

Shops:
D:12 (   D:14 [   Orc:2 [*(:

Annotations:
D:3 3 runed translucent doors, Lanoc's ghost, weakling OpEn
D:6 1 runed translucent door, Crazy Yiuf


Innate Abilities, Weirdness & Mutations

You can breathe blasts of scalding, opaque steam.
Your pale cyan-grey scales are hard. (AC +9)
You cannot fit into any form of body armour.
You are cold-blooded and may be slowed by cold attacks.
You have very sharp teeth.
You have a pair of small horns on your head.
Your tail ends in a poisonous barb.
Your magical capacity is low. (-10% MP)
Potions are less effective at restoring your health.
[You have an uncontrollable temper.]
[Scrolls take you a little longer to read.]
[You are dopey. (Int -2)]


Message History

Your briar patch is burned terribly!
Your briar patch is destroyed!
You hear a horrible gurgling sound!
Unknown command.
Unknown command.
Okay, then.
You are no longer berserk.
You are exhausted.
You feel yourself slow down.
Really read with blurry vision while enemies are nearby?
Okay, then.
Unknown command.
Okay, then.
Really read with blurry vision while enemies are nearby?
Uppercase [Y]es or [N]o only, please.
Really read with blurry vision while enemies are nearby?
You begin reading the scroll.
You continue reading the scroll.
A starcursed mass splits.
As you read the scroll of summoning, it crumbles to dust.
Wisps of shadow whirl around you...
Really read with blurry vision while enemies are nearby?
A starcursed mass splits.
A chorus of shrieks assaults your mind.
* * * LOW HITPOINT WARNING * * *
You begin reading the scroll.
You continue reading the scroll.
Your eye of draining looks sick.
A starcursed mass splits. x2
Your ufetubus barely misses the rakshasa.
Your ufetubus splashes around in the water.
You feel yourself growing ill in the presence of the ancient zyme.
The efreet gestures at you. The bolt of fire hits your efreet.
Your efreet completely resists.
The bolt of fire misses you.
As you read the scroll of fog, it crumbles to dust.
The scroll dissolves into smoke.
Unknown command.
Really read with blurry vision while enemies are nearby?
You begin reading the scroll.
You continue reading the scroll.
A starcursed mass splits. x2
You block the spatial maelstrom's attack.
The spatial maelstrom misses you.
A starcursed mass splits.
Something hits your ufetubus.
As you read the scroll of summoning, it crumbles to dust.
Wisps of shadow whirl around you...
Unknown command.
Unknown command.
Your system partially rejects the healing.
You feel better. The spatial maelstrom hits you!!
You die...
Fedhas appreciates your contribution to the ecosystem.

♣♣≈x.# ≈ ≈≈ ≈
♣≈x≈≈.°≈≈≈≈≈
♣♣≈≈≈≈.≈≈#≈
♣≈≈≈≈R.≈#≈♣ ♣
♣≈≈≈≈§R≈≈≈ ..
♣≈≈#≈≈≈§°§≈♣ .
≈≈≈≈≈§§5§§♣ ♣
≈≈≈≈#≈WRG*♣.♣
♣≈≈≈≈≈§x@§§≈♣♣♣♣
..
.♣≈≈≈≈§§4v≈X≈≈≈≈≈
..
≈≈≈≈≈§P§s≈≈≈≈≈≈≈
.#
.#≈≈≈≈§§X≈≈≈≈≈≈≈≈
#.#≈≈≈X.X.......
...#♣♣.XX≈≈≈≈≈≈≈
#.... ..X≈≈♣≈≈≈≈♣
#### .#..#♣≈♣##♣
####.


You could see 2 starcursed masses, a spatial maelstrom, a large abomination, a
chaos spawn, a friendly wretched star (summoned), a friendly demonic crawler
(summoned), a friendly freezing wraith (summoned), a friendly eye of draining
(summoned, sick), a friendly efreet (summoned), a friendly small abomination
(summoned) and a friendly ufetubus (summoned).

Vanquished Creatures
  A revenant (Abyss:2)
  An orc warlord (Orc:2)
  10 hydras
  5 boulder beetles
  3 ice dragons
  7 vault guards (D:14)
  5 centaur warriors
  An ogre mage (D:15)
  3 death knights (D:14)
  12 two-headed ogres
  3 deep troll earth magi (D:14)
  Urug (Orc:2)
  4 death yaks
  3 orc high priests (Orc:2)
  2 tengu warriors (D:10)
  2 hell hogs (Abyss:3)
  3 wretched stars (Abyss:2)
  3 skeletal warriors (D:14)
  A deep troll (D:15)
  A flayed ghost (D:14)
  Pikel (D:4)
  An unseen horror (D:14)
  2 phantasmal warriors (D:14)
  4 orc knights (Orc:2)
  2 deep elf magi
  3 lindwurms
  4 orc sorcerers (Orc:2)
  4 cyclopes
  A manticore (D:15)
  10 ugly things
  A guardian serpent (shapeshifter) (D:14)
  18 elephants
  7 black mambas
  11 cane toads
  3 gargoyles
  An apocalypse crab (Abyss:2)
  4 centaur skeletons
  Maggie (D:6)
  An orange demon (Abyss:2)
  A kobold demonologist (D:13)
  An efreet (D:15)
  5 rime drakes
  A redback zombie (D:14)
  3 freezing wraiths (D:14)
  11 komodo dragons
  5 polar bears
  4 meliai
  6 hornets
  8 trolls
  A tyrant leech (Lair:3)
  12 slime creatures
  8 dream sheep (Lair:6)
  6 blink frogs
  A centaur simulacrum (D:14)
  A shadow (D:15)
  A spriggan (shapeshifter) (D:14)
  2 wraiths
  2 flying skulls (Abyss:2)
  2 ynoxinuls (Abyss:2)
  11 spriggans (Lair:6)
  2 vampires
  54 yaks
  2 wyverns
  3 basilisks
  2 small abominations
  A steam dragon (D:11)
  A golden eye (shapeshifter) (D:14)
  4 humans (D:14)
  2 large abominations (Abyss:2)
  13 vampire mosquitoes
  6 wargs
  12 water moccasins
  2 soldier ants
  A swamp worm (Lair:3)
  An ice beast (Abyss:2)
  38 orc warriors
  A meliai simulacrum (D:14)
  4 sky beasts
  7 black bears
  14 ogres
  3 necrophages
  3 boggarts (Lair:6)
  22 wolves
  17 centaurs
  3 lemures (D:4)
  2 big kobolds
  30 bullfrogs
  A gnoll sergeant (D:13)
  A water moccasin zombie (D:8)
  2 scorpions
  A water moccasin skeleton (D:8)
  4 killer bees (D:12)
  2 electric eels (Lair:5)
  7 wights
  12 howler monkeys
  2 bullfrog zombies
  19 orc priests
  14 jellies
  4 centaur zombies
  8 hounds
  3 bullfrog skeletons
  4 quasits
  25 orc wizards
  3 iguanas
  5 hell rats (Lair:1)
  14 worker ants
  A worker ant zombie (D:9)
  7 gnolls
  12 adders
  2 shadow imps
  4 ufetubi
  4 oozes
  An adder skeleton (D:9)
  An adder zombie (D:6)
  3 worms (Lair:4)
  3 dart slugs
  7 leopard geckos
  114 orcs
  2 giant cockroaches
  A goblin (D:1)
  6 hobgoblins
  9 jackals
  4 quokkas
  9 bats
  8 frilled lizards
  24 kobolds
  3 leopard gecko skeletons
  A leopard gecko zombie (D:6)
  10 rats
859 creatures vanquished.

Vanquished Creatures (collateral kills)
  A tentacled starspawn (Abyss:3)
  A hell hog (Abyss:3)
  A wretched star (Abyss:3)
  A spatial maelstrom (Abyss:3)
  A ynoxinul (Abyss:3)
  A neqoxec (Abyss:3)
  4 insubstantial wisps (Abyss:3)
  2 black bears (Lair:1)
  An iron imp (Abyss:3)
  15 ballistomycete spores (D:14)
  2 starspawn tentacles (Abyss:3)
30 creatures vanquished.

Vanquished Creatures (others)
  A hell hog (Abyss:3)
  An oklob plant (Lair:6)
  An efreet (Abyss:2)
  A spriggan (Lair:6)
  A human (D:14)
  2 kobolds
  A bush (Lair:6)
  95 fungi
  128 plants
  2 starspawn tentacles (Abyss:3)
233 creatures vanquished.

Grand Total: 1122 creatures vanquished

Notes
Turn   | Place    | Note
-------+----------+-------------------------------------------
     0 | D:1      | MalarOregon the Draconian Fighter began the quest for the
                  | Orb.
     0 | D:1      | Reached XP level 1. HP: 19/19 MP: 1/1
    69 | D:1      | Reached XP level 2. HP: 24/26 MP: 2/2
   533 | D:1      | Reached XP level 3. HP: 31/31 MP: 3/3
  1155 | D:2      | You fall into a shaft and drop 2 floors!
  1211 | D:4      | Noticed a lemure
  1211 | D:4      | Noticed a lemure
  1254 | D:4      | Killed a lemure
  1260 | D:4      | Killed a lemure
  1653 | D:2      | Found a bloodstained altar of Trog.
  1680 | D:2      | Reached XP level 4. HP: 40/40 MP: 4/4
  2106 | D:3      | Reached skill level 4 in Shields
  2581 | D:3      | Found a runed translucent gate.
  2582 | D:3      | Found a runed translucent gate.
  2582 | D:3      | Noticed a big kobold
  2583 | D:3      | Found a runed translucent gate.
  2583 | D:3      | Noticed Lanoc's ghost (weakling OpEn)
  3111 | D:3      | Reached XP level 5. HP: 45/46 MP: 5/5
  3349 | D:4      | Found a staircase to the Ecumenical Temple.
  3372 | Temple   | Entered the Ecumenical Temple
  3462 | D:4      | Found a bloodstained altar of Trog.
  3462 | D:4      | Noticed Pikel
  3462 | D:4      | Noticed a lemure
  3462 | D:4      | Noticed a lemure
  3478 | D:4      | Killed a lemure
  3497 | D:4      | Killed Pikel
  3497 | D:4      | Reached skill level 5 in Shields
  3497 | D:4      | Reached XP level 6. HP: 13/53 MP: 6/6
  3497 | D:4      | Your scales start taking on a pale cyan-grey colour.
  3497 | D:4      | Reached XP level 7. HP: 15/60 MP: 7/7
  3846 | D:4      | Reached skill level 5 in Maces & Flails
  3969 | D:4      | Found a snail-covered altar of Cheibriados.
  4035 | D:4      | Found an iron altar of Okawaru.
  4314 | Temple   | Became a worshipper of Fedhas Madash
  4360 | D:5      | Entered Level 5 of the Dungeon
  4379 | D:5      | Noticed an air elemental
  4380 | D:5      | Found a stormy altar of Qazlal.
  4383 | D:5      | Noticed a fire elemental
  4383 | D:5      | Noticed a water elemental
  4614 | D:5      | Reached skill level 5 in Fighting
  4752 | D:5      | Reached skill level 6 in Shields
  5187 | D:6      | Found a runed translucent door.
  5188 | D:6      | Noticed Crazy Yiuf
  5220 | D:6      | Reached XP level 8. HP: 68/68 MP: 8/8
  5782 | D:6      | Reached * piety under Fedhas
  5971 | D:7      | Noticed Maggie
  5983 | D:6      | Killed Maggie
  5983 | D:6      | Reached skill level 7 in Shields
  6443 | D:7      | Found an ornate altar of the Wu Jian Council.
  6449 | D:7      | Reached skill level 5 in Dodging
  6548 | D:7      | Reached XP level 9. HP: 44/75 MP: 9/9
  7198 | D:7      | Reached skill level 8 in Shields
  7272 | D:7      | Reached ** piety under Fedhas
  7552 | D:8      | Found a glowing golden altar of the Shining One.
  7618 | D:8      | Found a sparkling altar of Nemelex Xobeh.
  7671 | D:8      | Reached skill level 1 in Invocations
  7671 | D:8      | Reached skill level 1 in Evocations
  8127 | D:8      | Found a basalt altar of Yredelemnul.
  8137 | D:8      | Found a shimmering blue altar of Sif Muna.
  8137 | D:8      | Found a blossoming altar of Fedhas.
  8139 | D:8      | Found a glowing golden altar of the Shining One.
  8139 | D:8      | Found a shimmering altar of Xom.
  8139 | D:8      | Found a shadowy altar of Dithmenos.
  8294 | D:9      | Reached *** piety under Fedhas
  8355 | D:9      | Reached XP level 10. HP: 85/86 MP: 11/11
  8434 | D:9      | Found a burning altar of Makhleb.
  8495 | D:8      | Reached skill level 9 in Shields
  8751 | D:9      | Noticed Erolcha
  8754 | D:9      | Noticed Erolcha
  8754 | D:9      | Erolcha changed into Erolcha the rime drake
  9446 | D:8      | Found a glowing golden altar of the Shining One.
  9823 | D:8      | Found a shimmering altar of Xom.
 10014 | D:9      | Killed Erolcha the rime drake
 10088 | D:9      | HP: 3/86 [something (6)]
 10764 | D:9      | Found a staircase to the Lair.
 11022 | D:10     | Entered Level 10 of the Dungeon
 11090 | D:10     | Reached **** piety under Fedhas
 11245 | D:10     | Reached XP level 11. HP: 49/94 MP: 13/13
 11262 | D:10     | Reached skill level 10 in Shields
 11586 | D:10     | Noticed a tengu warrior
 11586 | D:10     | Noticed a tengu warrior
 11609 | D:10     | Killed a tengu warrior
 11614 | D:10     | Killed a tengu warrior
 11614 | D:10     | Reached skill level 10 in Maces & Flails
 11966 | D:10     | Learned a level 2 spell: Poisonous Vapours
 11970 | D:10     | Learned a level 3 spell: Ignite Poison
 11974 | D:10     | Learned a level 3 spell: Mephitic Cloud
 12003 | Lair:1   | Entered Level 1 of the Lair of Beasts
 12038 | Lair:1   | Found a frozen archway.
 12361 | Lair:1   | Reached skill level 1 in Fire Magic
 12375 | Lair:1   | Reached skill level 1 in Air Magic
 12378 | Lair:1   | Reached skill level 1 in Spellcasting
 13025 | Lair:2   | Noticed a four-headed hydra
 13049 | Lair:1   | Killed a four-headed hydra
 13653 | Lair:2   | Reached skill level 5 in Invocations
 14194 | Lair:2   | Noticed a seven-headed hydra
 14200 | Lair:2   | Killed a seven-headed hydra
 14200 | Lair:2   | Reached skill level 5 in Evocations
 14200 | Lair:2   | Reached XP level 12. HP: 98/103 MP: 15/15
 14333 | Lair:2   | Noticed a five-headed hydra
 14339 | Lair:2   | Killed a five-headed hydra
 14611 | Lair:2   | Reached skill level 11 in Shields
 14984 | Lair:2   | Reached ***** piety under Fedhas
 15350 | Lair:3   | Noticed a four-headed hydra
 15366 | Lair:3   | Killed a four-headed hydra
 15994 | Lair:3   | Found a staircase to the Swamp.
 16957 | Lair:4   | Found a hole to the Spider Nest.
 17940 | Lair:5   | Reached XP level 13. HP: 109/111 MP: 2/17
 18190 | Lair:5   | Reached skill level 12 in Shields
 18190 | Lair:5   | Reached skill level 5 in Fire Magic
 18599 | Lair:4   | Reached skill level 5 in Air Magic
 18899 | Lair:5   | Reached skill level 10 in Fighting
 20081 | Lair:5   | Found a staircase to the Slime Pits.
 20784 | Lair:6   | Entered Level 6 of the Lair of Beasts
 21096 | Lair:5   | Reached skill level 13 in Shields
 21128 | Lair:6   | Reached ****** piety under Fedhas
 22386 | Lair:6   | Reached XP level 14. HP: 116/122 MP: 13/18
 23344 | Lair:6   | Identified the Almanac of Pantheism
 24048 | D:11     | Reached skill level 14 in Shields
 24620 | D:11     | Found the +5 scythe "Finisher" {speed, eviscerate}
 25415 | D:12     | Found Sucol's Weapon Boutique.
 25421 | D:12     | Found a staircase to the Orcish Mines.
 26210 | Orc:1    | Entered Level 1 of the Orcish Mines
 26633 | Orc:1    | Found a roughly hewn altar of Beogh.
 26989 | Orc:2    | Entered Level 2 of the Orcish Mines
 27083 | Orc:2    | Noticed Urug
 27109 | Orc:2    | Killed Urug
 27556 | Orc:2    | Found a staircase to the Elven Halls.
 28436 | Orc:2    | Noticed an orc warlord
 28524 | Orc:2    | Killed an orc warlord
 29267 | Orc:2    | Gained mutation: [You tend to lose your temper in combat.]
                  | [a neqoxec]
 29451 | Orc:2    | Reached XP level 15. HP: 116/130 MP: 20/20
 29506 | Orc:2    | Paralysed by an orc sorcerer for 3 turns
 29556 | Orc:2    | Gained mutation: Your body sometimes deteriorates upon
                  | taking damage. [potion of mutation]
 29556 | Orc:2    | Gained mutation: Potions are less effective at restoring
                  | your health. [potion of mutation]
 29556 | Orc:2    | Gained mutation: Your mind is acute. (Int +2) [potion of
                  | mutation]
 29557 | Orc:2    | Lost mutation: Your mind is acute. (Int +2) [potion of
                  | mutation]
 29557 | Orc:2    | Lost mutation: [You tend to lose your temper in combat.]
                  | [potion of mutation]
 29557 | Orc:2    | Gained mutation: You have large cloven feet. [potion of
                  | mutation]
 29557 | Orc:2    | Gained mutation: You have supernaturally acute eyesight.
                  | (SInv) [potion of mutation]
 29558 | Orc:2    | Lost mutation: Your body sometimes deteriorates upon taking
                  | damage. [potion of mutation]
 29558 | Orc:2    | Lost mutation: You have large cloven feet. [potion of
                  | mutation]
 29558 | Orc:2    | Lost mutation: You have supernaturally acute eyesight.
                  | (SInv) [potion of mutation]
 29558 | Orc:2    | Gained mutation: Your tail ends in a poisonous barb.
                  | [potion of mutation]
 29558 | Orc:2    | Gained mutation: You have a pair of small horns on your
                  | head. [potion of mutation]
 29558 | Orc:2    | Gained mutation: You have very sharp teeth. [potion of
                  | mutation]
 29813 | Orc:2    | Found Roejixor's General Store.
 29814 | Orc:2    | Found Allimeg's Book Boutique.
 29815 | Orc:2    | Found Wyaha's Antique Armour Shop.
 29815 | Orc:2    | Found Gaex Gimp's Antique Weapon Shop.
 29820 | Orc:2    | Bought a masterwork mace for 224 gold pieces
 29829 | Orc:2    | Bought a scroll of blinking for 90 gold pieces
 29829 | Orc:2    | Bought a potion of berserk rage for 60 gold pieces
 29829 | Orc:2    | Bought a potion of ambrosia for 96 gold pieces
 29829 | Orc:2    | Bought a scroll of enchant armour for 90 gold pieces
 29917 | Orc:2    | Identified the +7 mace "Esozao" {flame, rPois rC- Int+2}
                  | (You bought it in a shop on level 2 of the Orcish Mines)
 31025 | D:13     | Gained mutation: Your magical capacity is low. (-10% MP) [a
                  | neqoxec]
 31238 | D:13     | Reached skill level 15 in Shields
 31417 | D:13     | Found a sparkling altar of Nemelex Xobeh.
 31746 | D:14     | You fall into a shaft and drop 1 floor!
 31746 | D:15     | Entered Level 15 of the Dungeon
 32441 | D:15     | Found a staircase to the Depths.
 34007 | D:14     | Got a distressingly furry buckler
 34340 | D:14     | Found a gate to the Vaults.
 34599 | D:14     | Reached skill level 10 in Fire Magic
 34612 | D:14     | Reached skill level 10 in Invocations
 34621 | D:14     | Reached skill level 10 in Air Magic
 34791 | D:14     | Reached XP level 16. HP: 115/141 MP: 21/21
 34883 | D:14     | Found a huge runed gate.
 34883 | D:14     | Found a huge runed gate.
 34883 | D:14     | Found a huge runed gate.
 34885 | D:14     | Found a huge runed gate.
 34885 | D:14     | Found a huge runed gate.
 34886 | D:14     | Found a huge runed gate.
 34890 | D:14     | Found a huge runed gate.
 34919 | D:14     | Found a sacrificial altar of Ru.
 35491 | D:14     | Identified the +6 buckler "Jaetuemn" {rF+ MR- rCorr} (You
                  | found it on level 14 of the Dungeon)
 35667 | D:14     | Found a huge runed gate.
 35667 | D:14     | Found a huge runed gate.
 35668 | D:14     | Found a huge runed gate.
 35669 | D:14     | Found a huge runed gate.
 35693 | D:14     | Found Mumamamp's Armour Shoppe.
 36204 | D:14     | Found a huge runed gate.
 36205 | D:14     | Found a huge runed gate.
 36307 | D:14     | Found a huge runed gate.
 36307 | D:14     | Found a huge runed gate.
 36309 | D:14     | Found a huge runed gate.
 36316 | D:14     | Found a huge runed gate.
 36316 | D:14     | Found a huge runed gate.
 36316 | D:14     | Found a huge runed gate.
 36316 | D:14     | Found a huge runed gate.
 36317 | D:14     | Found a huge runed gate.
 36319 | D:14     | Found a huge runed gate.
 36322 | D:14     | Found a huge runed gate.
 36331 | D:14     | Found a huge runed gate.
 36336 | D:14     | Found a huge runed gate.
 36336 | D:14     | Found a huge runed gate.
 36337 | D:14     | Found a huge runed gate.
 36337 | D:14     | Found a huge runed gate.
 36338 | D:14     | Found a huge runed gate.
 36486 | D:14     | Found a gate to the Vaults.
 36891 | D:14     | Found a huge runed gate.
 36891 | D:14     | Found a huge runed gate.
 36891 | D:14     | Found a huge runed gate.
 36893 | D:14     | Found a huge runed gate.
 36893 | D:14     | Found a huge runed gate.
 36894 | D:14     | Found a huge runed gate.
 36898 | D:14     | Found a huge runed gate.
 36920 | D:14     | Found a huge runed gate.
 36920 | D:14     | Found a huge runed gate.
 36921 | D:14     | Found a huge runed gate.
 36922 | D:14     | Found a huge runed gate.
 36937 | D:14     | Found a sacrificial altar of Ru.
 36966 | D:14     | Found Mumamamp's Armour Shoppe.
 37000 | D:14     | Found a huge runed gate.
 37001 | D:14     | Found a huge runed gate.
 37209 | D:14     | Found a huge runed gate.
 37210 | D:14     | Found a huge runed gate.
 37210 | D:14     | Found a huge runed gate.
 37210 | D:14     | Found a huge runed gate.
 37211 | D:14     | Found a huge runed gate.
 37213 | D:14     | Found a huge runed gate.
 37216 | D:14     | Found a huge runed gate.
 37230 | D:14     | Found a huge runed gate.
 37230 | D:14     | Found a huge runed gate.
 37231 | D:14     | Found a huge runed gate.
 37231 | D:14     | Found a huge runed gate.
 37231 | D:14     | Found a huge runed gate.
 37237 | D:14     | Noticed a tengu reaver
 37237 | D:14     | Noticed a sphinx
 37238 | D:14     | Noticed a storm dragon
 37238 | D:14     | Noticed a tengu reaver
 37862 | D:14     | Cast into level 2 of the Abyss (a wizard)
 38337 | Abyss:3  | Noticed a bone dragon
 38343 | Abyss:3  | HP: 2/115 [bone dragon (21)]
 38396 | Abyss:3  | Noticed a tentacled starspawn
 38406 | Abyss:3  | Killed a tentacled starspawn
 38505 | Abyss:3  | Slain by a spatial maelstrom

Illustrated notes

Levels and vault maps discovered:
D:1:      eino_arrival_tree_alley, layout_basic
D:2:      layout_basic, serial_glass, glass_columns_a, glass_columns_c,
          trog_butcher_becter
D:3:      layout_basic, gammafunk_ghost_nasty_kobolds, chequers_big_river,
          kennysheep_small_spiral, lexackson_kobold_supper
D:4:      layout_rooms, lemuel_round_altar, old_standard_altar,
          old_standard_altar, temple_fountains, minmay_distorted, uniq_pikel
D:5:      layout_cave_pools, nicolae_qazlal_style_of_elements
D:6:      layout_basic, minmay_puff, uniq_crazy_yiuf_cottage
D:7:      layout_basic, lemuel_round_altar, st_stairs_1, uniq_maggie
D:8:      layout_loops_cross, lemuel_doored_altar, doesnt_xom_only_xom,
          nemelex_xobeh_ov_fountains_minmay
D:9:      layout_cave_pools, lemuel_crystal_altar, due_lair_maze_entry_diamond,
          uniq_erolcha
D:10:     layout_cave_pools
D:11:     layout_rooms
D:12:     layout_long_grid, orc_david_3
D:13:     layout_roguey, nemelex_diamond_rough_becter
D:14:     kennysheep_blocky_room, layout_loops_corners,
          ximxim_vaults_locker_room, nicolae_ru_path_of_blood, serial_shops,
          kennysheep_mini, door_vault
D:15:     grunt_enter_depths_hoard, layout_basic, minmay_misc_feat_four_crosses
Temple:   cyrus_circular_temple
Lair:1:   layout_misc_corridors, portal_ice_cave_entry_pillars_1,
          beast_lair_carwin_3
Lair:2:   layout_regular_city, wad_woods_road_05
Lair:3:   layout_gridlike, minmay_swamp_entry_worms, lemuel_fruit_tree
Lair:4:   layout_loops_ring, nicolae_spider_entry_non_spiders,
          infiniplex_staircase_pool, grunt_megastairs_1, serial_bayou_shore_b,
          serial_bayou_shore_a
Lair:5:   layout_regular_city, minmay_slime_entry_jelly_boxes, serial_bayou,
          serial_bayou_ford_a, serial_bayou_pond_e, serial_bayou_lagoon_a,
          serial_bayou_lagoon_b, lemuel_fruit_fields
Lair:6:   minmay_lair_end_enchanted_forest, layout_loops_ring,
          grunt_megastairs_3, minmay_lair_oklob_chamber
Orc:1:    layout_caves, basic_altar
Orc:2:    st_orc_congregation, layout_caves, minmay_orc_barracks, uniq_urug
Abyss:3:  base: Lair:5, evilmike_abyss_exit_17, hangedman_abyss_or_decor_clamps

Skill      XL: |  1  2  3  4  5  6  7  8  9 10 11 12 13 14 15 16 |
---------------+-------------------------------------------------+-----
Dodging        | 3 4 5 6 7 8 9 |  9.3
Maces & Flails | 3 4 5 7 8 9 10 11 12 | 12.0
Shields        | 4 5 6 7 8 9 10 11 13 14 15 | 15.2
Fighting       | 4 5 6 7 8 9 10 11 12 13 | 13.2
Invocations    | 1 3 5 7 10 | 10.4
Evocations     | 1 3 5 |  5.0
Fire Magic     | 2 4 5 7 10 | 10.4
Air Magic      | 2 4 5 7 10 | 10.5
Spellcasting   | 2 3 4 |  4.1

Action                   |  1- 3 |  4- 6 |  7- 9 | 10-12 | 13-15 | 16-18 || total
-------------------------+-------+-------+-------+-------+-------+-------++-------
Melee: Flail             |    39 |       |       |       |       |       ||    39
       Tailslap          |    17 |     9 |    46 |   104 |   356 |    49 ||   581
       Whip              |   109 |   107 |   394 |   668 |  2163 |   336 ||  3777
       Headbutt          |       |       |       |       |   174 |    68 ||   242
       Bite              |       |       |       |       |   117 |    36 ||   153
       Mace              |       |       |       |       |     4 |     8 ||    12
Throw: Boomerang         |       |       |     3 |     5 |     7 |       ||    15
       Javelin           |       |       |       |       |     9 |       ||     9
 Cast: Poisonous Vapours |       |       |       |    14 |   106 |     5 ||   125
       Ignite Poison     |       |       |       |       |     1 |     4 ||     5
       Mephitic Cloud    |       |       |       |       |       |     4 ||     4
Invok: Wall of Briars    |       |       |       |       |       |     5 ||     5
       Grow Ballistomyce |       |       |       |       |       |     2 ||     2
       Grow Oklob        |       |       |       |       |       |     2 ||     2
 Abil: Breathe Steam     |       |       |    11 |    61 |    75 |    11 ||   158
Evoke: Wand              |       |       |     2 |    11 |    13 |    10 ||    36
       Box of beasts     |       |       |       |       |       |     1 ||     1
  Use: Potion            |       |     1 |       |       |     8 |     8 ||    17
       Scroll            |       |       |    15 |    16 |     7 |    15 ||    53
 Stab: Sleeping          |     1 |       |     2 |     1 |       |       ||     4
       Distracted        |       |       |       |       |     1 |       ||     1
       Paralysed         |       |       |       |       |     9 |       ||     9
       Confused          |       |       |       |       |       |     1 ||     1
Armor: Skin              |    22 |     8 |    35 |    91 |   153 |    86 ||   395
Dodge: Dodged            |    34 |    30 |    97 |   190 |   448 |   106 ||   905
Block: Kite shield       |    94 |    71 |   288 |   438 |  1264 |   209 ||  2364
       Reflection        |       |     6 |     7 |     6 |    58 |     7 ||    84

Table legend: (Time is in decaauts)
 A = Elapsed time spent in this place.
 B = Non-inter-level travel time spent in this place.
 C = Inter-level travel time spent in this place.
 D = Time resting spent in this place.
 E = Time spent auto-exploring this place.
 F = Levels seen in this place.
 G = Mean time per level.
                   A        B        C        D        E       F      G
               +--------+--------+--------+--------+--------+-----+--------+
         Total |  37156 |  36046 |   1110 |  10450 |  19601 |  26 | 1429.1 |
       Dungeon |  21533 |  20781 |    752 |   5673 |  11804 |  15 | 1435.5 |
        Temple |    120 |     65 |     55 |      0 |     46 |   1 |  120.0 |
          Lair |  11452 |  11178 |    274 |   3711 |   5871 |   6 | 1908.7 |
  Orcish Mines |   3466 |   3438 |     28 |    807 |   1880 |   2 | 1733.0 |
         Abyss |    582 |    582 |      0 |    258 |      0 |   2 |  291.0 |
               +--------+--------+--------+--------+--------+-----+--------+

Top non-repeatable levels by time:
    D:14: 3539 daAuts
   Orc:2: 2725 daAuts
     D:8: 2620 daAuts
  Lair:5: 2597 daAuts
    D:15: 2350 daAuts
  Lair:2: 2298 daAuts
  Lair:6: 2196 daAuts
  Lair:4: 1749 daAuts
  Lair:3: 1551 daAuts
    D:13: 1494 daAuts
     D:6: 1491 daAuts
     D:3: 1375 daAuts
    D:12: 1364 daAuts
     D:4: 1194 daAuts
  Lair:1: 1058 daAuts
